 Dungeon Sprint DCSS version 0.20.1-1-g8b1a95d (webtiles) character file.

15283 potatolord6000 the Messiah (level 12, -7/127 HPs)
             Began as a Hill Orc Monk on Aug 31, 2017.
             Was the Champion of Beogh.
             Killed from afar by Aizul (16 damage)
             ... with a poison arrow
             ... in the Dungeon (Sprint VII: "The Pits").
             The game lasted 00:13:30 (2871 turns).

potatolord6000 the Messiah (Hill Orc Monk)          Turns: 2871, Time: 00:13:30

Health: -7/127     AC: 32    Str: 19    XL:     12   Next: 25%
Magic:  25/25      EV:  8    Int:  7    God:    Beogh [******]
Gold:   23         SH:  0    Dex: 15    Spells: 11/11 levels left

rFire    . . .     SeeInvis .   g - +11 falchion "Luumioh" {venom, +Fly Int-3 Dex+2}
rCold    . . .     Gourm    .   (no shield)
rNeg     . . .     Faith    .   z - +5 plate armour
rPois    .         Spirit   .   (no helmet)
rElec    .         Reflect  .   b - +1 cloak {MR+}
rCorr    .         Harm     .   (no gloves)
MR       +....     NoTele   +   y - +0 pair of boots
Stlth    ..........             (no amulet)
Regen    0.4/turn               f - +3 ring of protection
MPRegen  0.2/turn               q - +3 ring of protection

@: lethally poisoned (-7 -> -20), very slightly contaminated
A: walk on water
a: Smiting, Recall Orcish Followers, Give Item to Named Follower, Resurrection,
Renounce Religion, Evoke Flight


You were in the Dungeon.
You worshipped Beogh.
Beogh was exalted by your worship.
You were very full.

You visited 1 branch You collected 23 gold pieces.

Inventory:

Hand Weapons
 g - the +11 falchion "Luumioh" (weapon) {venom, +Fly Int-3 Dex+2}
   (You found it in the Dungeon)

   It poisons the flesh of those it strikes.
   It affects your intelligence (-3).
   It affects your dexterity (+2).
   It lets you fly.
 s - a +2 scimitar of flaming
 t - a +4 halberd of protection
 u - a +2 war axe of chopping
 v - a +4 quarterstaff of speed
 w - a +2 rapier of venom
 x - a +2 dire flail of crushing
Armour
 b - a +1 cloak of magic resistance (worn)
 y - a +0 pair of boots (worn)
 z - a +5 plate armour (worn)
Jewellery
 f - a +3 ring of protection (left hand)
 q - a +3 ring of protection (right hand)
Scrolls
 a - 3 scrolls of identify
 e - a scroll of recharging
 k - 4 scrolls of remove curse
 l - 5 scrolls of amnesia
 m - a scroll of summoning
 r - 2 scrolls of fear
Potions
 d - 3 potions of curing
 h - 2 potions of berserk rage
 i - a potion of ambrosia
 p - 2 potions of might
 B - 3 potions of heal wounds
Comestibles
 c - 8 bread rations
 n - 44 fruits
 o - 4 meat rations


   Skills:
 + Level 17.8 Fighting
 + Level 16.6 Long Blades
 + Level 16.3 Armour
 - Level 2.4 Dodging
 - Level 1.5 Stealth
 + Level 18.0 Invocations


You had 11 spell levels left.
You didn't know any spells.

Dungeon Overview and Level Annotations

Branches:
Dungeon (1/1)

Altars:
Ashenzari
Cheibriados
Dithmenos
Elyvilon
Fedhas
Gozag
Hepliaklqana
Kikubaaqudgha
Makhleb
Nemelex Xobeh
Okawaru
Qazlal
Ru
Sif Muna
Trog
Uskayaw
Vehumet
Xom
Yredelemnul
Zin
The Shining One
Beogh
Jiyva
Lugonu

Annotations:
D Aizul


Message History

You are very lightly contaminated with residual magic.
As you read the scroll of blinking, it crumbles to dust.
You feel sick.
You feel better.
Aizul coils herself and waves her upper body at you.
You resist with significant effort.
You feel much better. Aizul casts a spell at you. The poison arrow hits you!
You are poisoned.
* * * LOW HITPOINT WARNING * * *
The rakshasa gestures at you. The orb of energy hits you!
* * * LOW HITPOINT WARNING * * *
You feel better.
Okay, then.
Aizul coils herself and waves her upper body at you.
The poison arrow hits you!
You are lethally poisoned!
You die...

#++########################
#..........................
#.........@...S..R.........
#..##############++########
#..# #..# #..# #..# #..#
#..# #######.)#


You could see Aizul and a rakshasa.

Vanquished Creatures
  A death cob (D)
  A death yak (D)
  A sixfirhy (D)
  5 skeletal warriors (D)
  A deep troll (D)
  An unseen horror (D)
  A lindwurm (D)
  A deep elf mage (D)
  A manticore (D)
  A rust devil (D)
  2 gargoyles (D)
  A smoke demon (D)
  A molten gargoyle (D)
  2 kobold demonologists (D)
  An efreet (D)
  An ice devil (D)
  A hellwing (D)
  A troll (D)
  A red devil (D)
  A spriggan (D)
  2 ynoxinuls (D)
  2 shadows (D)
  A redback (D)
  A tarantella (D)
  A basilisk (D)
  A wraith (D)
  A fire bat (D)
  A hungry ghost (D)
  A steam dragon (D)
  4 vampire mosquitoes (D)
  4 hell hounds (D)
  2 water moccasins (D)
  2 porcupines (D)
  4 floating eyes (D)
  A sky beast (D)
  A swamp drake (D)
  2 centaurs (D)
  A wolf (D)
  A big kobold (D)
  4 killer bees (D)
  A hound (D)
  A quasit (D)
  Crazy Yiuf (D)
  A gnoll shaman (D)
  2 iguanas (D)
  Terence (D)
  6 gnolls (D)
  An ooze (D)
  An orc (D)
  2 giant cockroaches (D)
  5 jackals (D)
  3 frilled lizards (D)
  3 kobolds (D)
  A rat (D)
92 creatures vanquished.

Vanquished Creatures (others)
  A kobold (D)
1 creature vanquished.

Grand Total: 93 creatures vanquished

Notes
Turn   | Place    | Note
-------+----------+-------------------------------------------
     0 | D        | potatolord6000 the Hill Orc Monk began the quest for the Orb.
     0 | D        | Reached XP level 1. HP: 19/19 MP: 1/1
    11 | D        | Noticed a floating eye
    13 | D        | Paralysed by a floating eye for 3 turns
    18 | D        | Killed a floating eye
    18 | D        | Reached skill level 5 in Armour
    18 | D        | Reached XP level 2. HP: 34/34 MP: 2/2
    18 | D        | Reached XP level 3. HP: 39/39 MP: 3/3
    18 | D        | Reached XP level 4. HP: 47/47 MP: 4/4
    51 | D        | Found a bloodstained altar of Trog.
    51 | D        | Found a deep blue altar of Sif Muna.
    51 | D        | Found a viscous altar of Jiyva.
    51 | D        | Found a hazy altar of Hepliaklqana.
    51 | D        | Found an opulent altar of Gozag.
    52 | D        | Found a glowing golden altar of the Shining One.
    52 | D        | Found a glowing silver altar of Zin.
    52 | D        | Found a basalt altar of Yredelemnul.
    52 | D        | Found a shimmering altar of Xom.
    52 | D        | Found a sacrificial altar of Ru.
    52 | D        | Found a stormy altar of Qazlal.
    52 | D        | Found an iron altar of Okawaru.
    52 | D        | Found a sparkling altar of Nemelex Xobeh.
    52 | D        | Found a burning altar of Makhleb.
    52 | D        | Found a blossoming altar of Fedhas.
    52 | D        | Found a white marble altar of Elyvilon.
    52 | D        | Found a shadowy altar of Dithmenos.
    52 | D        | Found a snail-covered altar of Cheibriados.
    55 | D        | Found a corrupted altar of Lugonu.
    55 | D        | Found a radiant altar of Vehumet.
    55 | D        | Found a roughly hewn altar of Beogh.
    56 | D        | Found an ancient bone altar of Kikubaaqudgha.
    56 | D        | Found a hide-covered altar of Uskayaw.
    56 | D        | Found a shattered altar of Ashenzari.
    64 | D        | Became a worshipper of Beogh the Brigand
    64 | D        | Reached * piety under Beogh
    64 | D        | Reached ** piety under Beogh
   104 | D        | Reached *** piety under Beogh
   109 | D        | Reached skill level 1 in Invocations
   116 | D        | Reached XP level 5. HP: 25/52 MP: 4/6
   118 | D        | Reached **** piety under Beogh
   349 | D        | Noticed a floating eye
   349 | D        | Noticed a hungry ghost
   349 | D        | Noticed a fire bat
   353 | D        | Paralysed by a floating eye for 4 turns
   354 | D        | Noticed a centaur
   364 | D        | Paralysed by a floating eye for 2 turns
   368 | D        | Killed a floating eye
   368 | D        | Reached skill level 4 in Invocations
   368 | D        | Reached XP level 6. HP: 45/62 MP: 4/9
   369 | D        | Killed a hungry ghost
   369 | D        | Reached skill level 6 in Invocations
   375 | D        | Noticed a floating eye
   376 | D        | Killed a fire bat
   376 | D        | Reached ***** piety under Beogh
   376 | D        | Reached skill level 10 in Fighting
   376 | D        | Reached skill level 7 in Invocations
   376 | D        | Reached XP level 7. HP: 23/72 MP: 5/12
   382 | D        | Paralysed by a floating eye for 3 turns
   391 | D        | Paralysed by a floating eye for 3 turns
   401 | D        | Reached skill level 8 in Invocations
   402 | D        | Paralysed by a floating eye for 4 turns
   582 | D        | Reached skill level 10 in Long Blades
   582 | D        | Reached skill level 9 in Invocations
   585 | D        | Noticed Terence
   585 | D        | Noticed a deep elf mage
   585 | D        | Noticed Crazy Yiuf
   599 | D        | Killed a deep elf mage
   599 | D        | Reached skill level 10 in Armour
   599 | D        | Reached skill level 10 in Invocations
   599 | D        | Reached XP level 8. HP: 57/82 MP: 10/15
   600 | D        | Killed Crazy Yiuf
   606 | D        | Killed Terence
   710 | D        | Noticed a ynoxinul
   710 | D        | Noticed a tarantella
   712 | D        | Killed a ynoxinul
   717 | D        | Killed a tarantella
   717 | D        | Reached skill level 11 in Invocations
   870 | D        | Noticed a hellwing
   872 | D        | Noticed a spriggan
   875 | D        | Noticed a ynoxinul
   879 | D        | Killed a hellwing
   879 | D        | Reached XP level 9. HP: 69/91 MP: 10/17
   886 | D        | Reached skill level 12 in Invocations
   903 | D        | Reached ****** piety under Beogh
  1187 | D        | Noticed a death yak
  1187 | D        | Noticed a gargoyle
  1192 | D        | Killed a death yak
  1192 | D        | Reached skill level 13 in Invocations
  1192 | D        | Reached XP level 10. HP: 45/102 MP: 12/19
  1196 | D        | Killed a gargoyle
  1389 | D        | Noticed a deep troll
  1389 | D        | Noticed a manticore
  1392 | D        | Killed a deep troll
  1392 | D        | Reached skill level 14 in Invocations
  1393 | D        | Noticed a kobold demonologist
  1395 | D        | Killed a manticore
  1397 | D        | Noticed an orange demon
  1404 | D        | Killed a kobold demonologist
  1419 | D        | Reached skill level 15 in Fighting
  1487 | D        | Reached skill level 15 in Invocations
  1489 | D        | Noticed a kobold demonologist
  1499 | D        | Killed a kobold demonologist
  1499 | D        | Reached XP level 11. HP: 86/113 MP: 14/22
  1943 | D        | Noticed a skeletal warrior
  1947 | D        | Noticed a skeletal warrior
  1948 | D        | Noticed a skeletal warrior
  1949 | D        | Noticed a skeletal warrior
  1949 | D        | Noticed a skeletal warrior
  1955 | D        | Killed a skeletal warrior
  1955 | D        | Reached skill level 15 in Long Blades
  1960 | D        | Reached skill level 16 in Invocations
  1970 | D        | Killed a skeletal warrior
  1983 | D        | Killed a skeletal warrior
  1985 | D        | Reached skill level 15 in Armour
  1987 | D        | Killed a skeletal warrior
  1991 | D        | Killed a skeletal warrior
  2006 | D        | Reached skill level 17 in Invocations
  2007 | D        | Noticed a lindwurm
  2012 | D        | Killed a lindwurm
  2327 | D        | Got the +11 falchion "Luumioh" {venom, +Fly Int-3 Dex+2}
  2517 | D        | Noticed a sixfirhy
  2522 | D        | Killed a sixfirhy
  2530 | D        | Reached XP level 12. HP: 76/125 MP: 24/24
  2735 | D        | Noticed a death cob
  2739 | D        | Killed a death cob
  2760 | D        | Reached skill level 18 in Invocations
  2855 | D        | Noticed Aizul
  2856 | D        | Noticed a rakshasa
  2867 | D        | HP: 2/127 [rakshasa/orb of energy (29)]
  2871 | D        | Killed from afar by Aizul

Skill      XL: |  1  2  3  4  5  6  7  8  9 10 11 12 |
---------------+-------------------------------------+-----
Fighting       | 7 8 10 11 12 13 15 17 | 17.8
Long Blades    | 6 7 9 10 11 13 14 16 | 16.6
Armour         | 5 6 8 10 11 12 14 15 16 | 16.3
Invocations    | 1 4 7 10 11 13 15 17 18 | 18.0
Dodging        | |  2.4
Stealth        | |  1.5

Action                   |  1- 3 |  4- 6 |  7- 9 | 10-12 || total
-------------------------+-------+-------+-------+-------++-------
Melee: Falchion          |     4 |    18 |       |    37 ||    59
       Long sword        |       |    22 |   108 |   139 ||   269
Invok: Smiting           |       |     1 |    15 |    46 ||    62
  Use: Potion            |       |     2 |     9 |    21 ||    32
       Scroll            |       |       |       |     6 ||     6
 Stab: Sleeping          |       |     1 |       |       ||     1
       Invisible         |       |       |       |     8 ||     8
  Eat: Meat ration       |       |       |     2 |     1 ||     3
       Bread ration      |       |       |     1 |       ||     1
Armor: Robe              |       |     3 |       |       ||     3
       Plate armour      |       |    38 |   162 |   171 ||   371
Dodge: Dodged            |       |    36 |    74 |   125 ||   235
       Rpst.: Falchion   |       |     7 |       |       ||     7
       Long sword        |       |     2 |    17 |    26 ||    45
